 Dungeon Crawl Stone Soup version 0.29.1 (webtiles) character file.

Game seed: 11035171063112051433

126 qw the Chopper (level 4, -5/30 (39) HPs)
             Began as a Minotaur Berserker on Sept 13, 2022.
             Was a Believer of Trog.
             Killed from afar by an orc wizard (7 damage)
             ... with a puff of flame
             ... on level 3 of the Dungeon.
             The game lasted 00:00:55 (2517 turns).

qw the Chopper (Minotaur Berserker)                 Turns: 2517, Time: 00:00:55

HP:   -5/30 (39)    AC:  6    Str: 23      XL:     4   Next: 83%
MP:   3/3           EV:  7    Int:  3 (4)  God:    Trog [**....]
Gold: 173           SH:  0    Dex:  9 (10) Spells: 3/3 levels left

rFire   . . .      SeeInvis .   Y - +0 hand axe
rCold   . . .      Faith    .   c - +0 tower shield
rNeg    . . .      Spirit   .   d - +0 ring mail
rPois   .          Reflect  .   (helmet restricted)
rElec   .          Harm     .   (no cloak)
rCorr   .          Rampage  .   e - +0 pair of gloves
Will    .....                   (no boots)
Stlth   ..........              (no amulet)
HPRegen 0.10/turn               (no ring)
MPRegen 0.08/turn               (no ring)

@: confused, on berserk cooldown, slowed, heavily drained, very slow
A: horns 2, retaliatory headbutt
a: Renounce Religion, Berserk, Trog's Hand


You were on level 3 of the Dungeon.
You worshipped Trog.
Trog was pleased with you.
You visited 1 branch of the dungeon, and saw 3 of its levels.

You collected 173 gold pieces.


Innate Abilities, Weirdness & Mutations

You have a pair of horns on your head.
You reflexively headbutt those who attack you in melee.


   Skills:
 - Level 3.6 Fighting
 - Level 5.8 Axes
 - Level 2.4 Armour
 - Level 2.1 Dodging
 + Level 3.2 Shields


You had 3 spell levels left.
You didn't know any spells.
Your spell library was empty.

Inventory:

Hand Weapons
 g - the +8 mace of Wu Jian, Winnowing {vorpal, rC+ Str+3 Dex+4}
   (You found it on level 2 of the Dungeon)

   It inflicts extra damage upon your enemies.
   Str:       It affects your strength (+3).
   Dex:       It affects your dexterity (+4).
   rC:        It protects you from cold.
 Y - a +0 hand axe (weapon)
Missiles
 b - 4 boomerangs (quivered)
Armour
 c - a +0 tower shield (worn)
 d - a +0 ring mail (worn)
 e - a +0 pair of gloves (worn)
Scrolls
 a - a scroll of identify
 j - a scroll of poison {unknown}
Potions
 f - a potion of mutation {unknown}
 h - 3 potions of lignification {unknown}
 i - a potion of berserk rage {unknown}
 k - a potion of curing {unknown}

Dungeon Overview and Level Annotations

Branches:
Dungeon (3/15)

Altars:
Kikubaaqudgha


Message History

You closely miss something. Something hits you.
You feel drained.
You slash something! Your headbutt misses something.
You hear some strange, mumbled words.
You are confused.
You're too confused to attack without stumbling around!
You start resting.
Something hits you but does no damage.
You feel drained.
You're too confused to attack without stumbling around!
You start resting.
You feel a strong urge to attack something.
You are no longer berserk.
You are exhausted.
You feel yourself slow down.
You hear some strange, mumbled words.
You are more confused.
You're too confused to attack without stumbling around!
You start resting.
You hear some strange, mumbled words.
A puff of flame appears from out of thin air!
The puff of flame hits you. Something hits you but does no damage.
You feel drained.
You're too confused to attack without stumbling around!
There is a strange disturbance nearby!
Something hits you.
You feel drained.
You're too confused to attack without stumbling around!
There is a strange disturbance nearby!
You hear some strange, mumbled words.
You are more confused.
Something hits you.
You feel drained.
You're too confused to attack without stumbling around!
There is a strange disturbance nearby!
Something hits you.
You feel drained.
You're too confused to attack without stumbling around!
There is a strange disturbance nearby!
Something hits you but does no damage.
You feel drained.
You hear some strange, mumbled words.
A puff of flame appears from out of thin air!
The puff of flame hits you!
You die...

###.#..............##
....................#
.#.#.#.#.#. ..#....#
...........# #......##
#..#.#.#.#..##.......#
#....................##.
...#.#.#.#. #...........
...........###.#))..#
##.#.#.#.#......@{..#
#>...........#.##......
##............#.........
....##......(.#.........
..#.#####.....(.........
....# #.....#.........
..### ###.....#....... .
...# #.......#.......
...# #>............


There were no monsters in sight!

Vanquished Creatures
  An orc priest (D:3)
  2 adders
  4 dart slugs
  3 orcs (D:3)
  6 endoplasms
  5 goblins
  11 hobgoblins
  2 jackals (D:3)
  4 quokkas
  7 ball pythons
  2 bats
  5 frilled lizards
  11 kobolds
  2 rats
65 creatures vanquished.

Notes
Turn   | Place    | Note
-------+----------+-------------------------------------------
     0 | D:1      | qw the Minotaur Berserker began the quest for the Orb.
     0 | D:1      | Reached XP level 1. HP: 19/19 MP: 0/0
     0 | D:1      | 0 ||| qw: Version: 0.1-a-119-g272c26d
     0 | D:1      | 0 ||| qw: Game counter: 11297
     0 | D:1      | 0 ||| qw: Always use a shield: true
     0 | D:1      | 0 ||| qw: Do Orc after D:15 true
     0 | D:1      | 0 ||| qw: Do second Lair branch before Depths: true
     0 | D:1      | 0 ||| qw: Lair rune preference: random
     0 | D:1      | 0 ||| qw: Plans: Normal
     0 | D:1      | 0 ||| PLANNING D:1-11
   156 | D:1      | 156 ||| Stepping ~*~*~tactically~*~*~ (hiding).
   161 | D:1      | Reached skill level 4 in Axes
   328 | D:1      | Reached XP level 2. HP: 20/26 MP: 1/1
   778 | D:1      | 778 ||| Stepping ~*~*~tactically~*~*~ (stealth).
   779 | D:1      | 779 ||| Stepping ~*~*~tactically~*~*~ (stealth).
   819 | D:1      | Reached skill level 5 in Axes
   954 | D:1      | 954 ||| DROPPING +0 club.
   983 | D:1      | Reached XP level 3. HP: 27/31 MP: 2/2
  1149 | D:1      | 1149 ||| UPGRADING to +0 ring mail.
  1159 | D:1      | 1159 ||| DROPPING +0 animal skin.
  1160 | D:1      | 1160 ||| UPGRADING to +0 pair of gloves.
  1165 | D:1      | 1165 ||| DROPPING amulet of faith.
  1166 | D:1      | 1166 ||| READING scroll labelled GOEGOST ELUROI.
  1167 | D:1      | 1167 ||| READING scroll labelled SAMOBB NEAXI.
  1303 | D:1      | 1303 ||| READING scroll labelled HULIUCV UHES.
  1304 | D:1      | 1304 ||| READING scroll labelled HEETSY EGUPOMM.
  1356 | D:2      | 1356 ||| Stepping ~*~*~tactically~*~*~ (stealth).
  1385 | D:2      | Reached ** piety under Trog
  1393 | D:2      | Found an ancient bone altar of Kikubaaqudgha.
  1525 | D:2      | 1525 ||| Stepping ~*~*~tactically~*~*~ (hiding).
  1800 | D:2      | Found a faded altar of an unknown god.
  1971 | D:2      | Identified the +8 mace of Wu Jian, Winnowing {vorpal, rC+
                  | Str+3 Dex+4}
  1973 | D:2      | 1973 ||| DROPPING +0 mace.
  2036 | D:2      | 2036 ||| Stepping ~*~*~tactically~*~*~ (stealth).
  2052 | D:2      | 2052 ||| FLEEEEING.
  2108 | D:2      | 2108 ||| Stepping ~*~*~tactically~*~*~ (stealth).
  2185 | D:2      | 2185 ||| UPGRADING to +0 tower shield.
  2190 | D:2      | 2190 ||| READING scroll labelled TAHOAG TOOS.
  2191 | D:2      | 2191 ||| DRINKING 3 fizzy pink potions.
  2192 | D:2      | 2192 ||| DROPPING 2 potions of degeneration.
  2221 | D:3      | 2221 ||| STAIRDANCE
  2231 | D:3      | 2231 ||| STAIRDANCE
  2233 | D:3      | 2233 ||| STAIRDANCE
  2237 | D:2      | Reached skill level 1 in Shields
  2237 | D:2      | Reached XP level 4. HP: 36/39 MP: 3/3
  2262 | D:3      | 2262 ||| STAIRDANCE
  2499 | D:3      | 2499 ||| INVOKING Berserk.
  2505 | D:3      | HP: 14/58 [something/magic dart (8)]
  2507 | D:3      | Reached skill level 3 in Shields
  2513 | D:3      | HP: 5/35 [something/puff of flame (3)]
  2516 | D:3      | HP: 2/32 [something (2)]
  2517 | D:3      | Killed from afar by an orc wizard

Levels and vault maps discovered:
D:1:      scummos_arrival_simple_crosswalls, layout_basic, st_stairs_13
D:2:      layout_loops_ring, basic_altar, ebering_ecumenical_altar_sacrificial,
          minmay_misc_feat_iff
D:3:      layout_rooms, st_stairs_2, pf_guarded_unrand_meek

Skill      XL: |  1  2  3  4 |
---------------+-------------+-----
Axes           | 4 5 |  5.8
Shields        | 1 3 |  3.2
Fighting       | |  3.6
Armour         | |  2.4
Dodging        | |  2.1

Action                   |  1- 3 |  4- 6 || total
-------------------------+-------+-------++-------
Melee: Hand axe          |   104 |    23 ||   127
       Headbutt          |    19 |     3 ||    22
Throw: Boomerang         |       |     8 ||     8
Invok: Berserk           |       |     1 ||     1
  Use: Scroll            |     5 |       ||     5
       Potion            |     1 |       ||     1
Armor: Animal skin       |     5 |       ||     5
       Ring mail         |    24 |    15 ||    39
Dodge: Dodged            |    37 |     6 ||    43
Block: Tower shield      |     7 |     8 ||    15

Table legend:
 A = Non-vault XP
 B = Vault XP
 C = Vault XP percentage of total XP
 D = Non-vault monster count
 E = Vault monster count
 F = Vault count percentage of total count
                 A         B        C        D         E       F
            +---------+---------+-------+---------+---------+-------
      Total |     174 |       6 |   3.3 |      61 |       4 |   6.2
            +---------+---------+-------+---------+---------+-------
        D:1 |      42 |       3 |   6.7 |      23 |       2 |   8.0
        D:2 |      54 |       0 |   0.0 |      22 |       0 |   0.0
        D:3 |      78 |       3 |   3.7 |      16 |       2 |  11.1
            +---------+---------+-------+---------+---------+-------
